 Dungeon Crawl Stone Soup version 0.30-a0-1053-gbd8d5ba0ad (webtiles) character file.

Game seed: 16294794989769106453

290788 Zeldest the Tengu Blade (level 20, 0/134 HPs)
             Began as a Tengu Warper on Apr 11, 2023.
             Was the Champion of Okawaru.
             Slain by a vault warden
             ... wielding a +0 battleaxe
             ... summoned by a boggart
              (25 damage)
             ... on level 2 of the Vaults.
             The game lasted 01:46:46 (43317 turns).

Zeldest the Tengu Blade (Tengu Warper)             Turns: 43317, Time: 01:46:47

Health: 0/134      AC: 18    Str: 13    XL:     20   Next: 75%
Magic:  31/31      EV: 25    Int: 18    God:    Okawaru [******]
Gold:   2119       SH: 11    Dex: 22    Spells: 19/23 levels left

rFire   + . .      SeeInvis .    b - +6 double sword of Sykkut {flame, Str+2 Int+3}
rCold   + + .      Faith    +    t - +3 warlock's mirror {omnireflect}
rNeg    . . .      Spirit   .    O - +5 ring mail "Jisepr Yjes" {rPois rC+ Regen+}
rPois   +          Reflect  +    y - +2 hat
rElec   +          Rampage  .    s - +1 cloak {rPois}
rCorr   +                        E - +2 pair of gloves {hurl}
Will    +++..                    (boots unavailable)
Stlth   +                        e - amulet of faith
HPRegen 1.22/turn                c - ring "Rywaun" {Fly Will+}
MPRegen 0.22/turn                P - ring of willpower

@: resistant, frozen, flying quickly and evasively, slow
A: beak, talons 3, nimble flight
}: 2/15 runes: serpentine, barnacled
a: Renounce Religion, Heroism, Finesse, Duel


You were on level 2 of the Vaults.
You worshipped Okawaru.
Okawaru was exalted by your worship.
You visited 8 branches of the dungeon, and saw 36 of its levels.
You also visited: Sewer and Ice Cave.

You collected 5663 gold pieces.
You spent 3544 gold pieces at shops.

Inventory:

Hand Weapons
 a - a +9 triple sword of venom
 b - the +6 double sword of Sykkut (weapon) {flame, Str+2 Int+3}
   (You bought it in a shop on level 1 of the Shoals)

   Str:       It affects your strength (+2).
   Int:       It affects your intelligence (+3).
 w - the +6 rapier "Sidyelet" {protect, rElec Str+3}
   (You took it off a deep elf elementalist on level 3 of the Elven Halls)

   Str:       It affects your strength (+3).
   rElec:     It insulates you from electricity.
 G - a +2 triple sword of electrocution
Missiles
 j - 8 throwing nets (quivered)
 F - 3 curare-tipped darts
Armour
 s - a +1 cloak of poison resistance (worn)
 t - the +3 warlock's mirror (worn) {omnireflect}
   (Okawaru gifted it to you on level 3 of the Shoals)

   Omnireflect: It can block and reflect piercing ranged attacks and magical
   attacks against the wielder's willpower.
 y - a +2 hat (worn)
 E - a +2 pair of gloves of hurling (worn)
 L - quicksilver dragon scales
 O - the +5 ring mail "Jisepr Yjes" (worn) {rPois rC+ Regen+}
   (You bought it in a shop on level 2 of the Orcish Mines)

   rC:        It protects you from cold.
   rPois:     It protects you from poison.
   Regen:     It increases your rate of health regeneration.
 X - a +0 kite shield of fire resistance
Jewellery
 c - the ring "Rywaun" (left hand) {Fly Will+}
   (You found it on level 4 of the Shoals)

   [ring of flight]

   Fly:       It grants you flight.
   Will:      It increases your willpower.
 e - an amulet of faith (around neck)
 M - a ring of positive energy
 P - a ring of willpower (right hand)
 S - the ring "Qot Ewol" {rCorr EV+5 Int-4 Stlth+}
   (You took it off a deep elf sorcerer on level 3 of the Elven Halls)

   [ring of evasion]

   EV:        It affects your evasion (+5).
   Int:       It affects your intelligence (-4).
   rCorr:     It protects you from acid and corrosion.
   Stlth:     It makes you more stealthy.
 T - a ring of protection from cold
Wands
 v - a wand of paralysis (16)
 J - a wand of flame (2)
 Y - a wand of roots (11)
Scrolls
 d - 4 scrolls of fear
 f - 10 scrolls of teleportation
 g - 6 scrolls of enchant armour
 h - 5 scrolls of noise
 k - 4 scrolls of torment
 o - 4 scrolls of fog
 u - 5 scrolls of immolation
 x - 2 scrolls of silence
 A - 5 scrolls of magic mapping
 R - 6 scrolls of amnesia
 V - 3 scrolls of poison
Potions
 i - 2 potions of resistance
 l - 6 potions of mutation
 m - 3 potions of magic
 n - 7 potions of curing
 p - 4 potions of might
 r - 4 potions of cancellation
 C - 6 potions of brilliance
 H - 3 potions of lignification
 I - 2 potions of berserk rage
 U - 3 potions of attraction
Miscellaneous
 B - a condenser vane
 D - a phial of floods (inert)
 K - a lightning rod (4/4)


   Skills:
 - Level 17.2 Fighting
 - Level 22.0 Long Blades
 - Level 1.0 Throwing
 - Level 4.1 Armour
 - Level 15.8 Dodging
 - Level 12.0 Shields
 - Level 2.0 Spellcasting
 + Level 6.8 Translocations
 + Level 6.2 Transmutations
 - Level 14.3 Invocations


You had 19 spell levels left.
You knew the following spells:

 Your Spells              Type           Power      Damage    Failure   Level
a - Blink                 Tloc           52%        N/A       4%          2
b - Wereblood             Tmut           24%        N/A       5%          2

Your spell library contained the following spells:

 Spells                   Type           Power      Damage    Failure   Level
 Beastly Appendage        Tmut           48%        N/A       3%          1
 Lesser Beckoning         Tloc           52%        N/A       4%          2
 Gell's Gravitas          Tloc           26%        N/A       9%          3
 Teleport Other           Tloc           26%        N/A       9%          3
 Sting                    Tmut/Pois      52%        1d5       12%         1
 Manifold Assault         Tloc           26%        N/A       26%         4
 Passage of Golubria      Tloc           26%        N/A       26%         4
 Vhi's Electric Charge    Tloc/Air       28%        N/A       32%         3
 Volatile Blastmotes      Fire/Tloc      28%        2d12      32%         3
 Spider Form              Tmut/Pois      13%        N/A       36%         3
 Magic Dart               Conj           4%         1d3       41%         1
 Necrotise                Necr           4%         1d4       41%         1
 Cigotuvi's Dreadful Rot  Necr/Pois/Air  2%         N/A       54%         2
 Ensorcelled Hibernation  Hex/Ice        2%         N/A       54%         2
 Poisonous Vapours        Pois/Air       2%         N/A       54%         2
 Sublimation of Blood     Necr           1%         N/A       54%         2
 Blade Hands              Tmut           12%        N/A       67%         5
 Iskenderun's Mystic Bla  Conj/Tloc      14%        2d5       73%         4
 Ice Form                 Ice/Tmut       13%        N/A       77%         4
 Petrify                  Tmut/Erth      13%        N/A       77%         4
 Frozen Ramparts          Ice            2%         1d1       78%         3
 Inner Flame              Hex/Fire       1%         N/A       78%         3
 Mephitic Cloud           Conj/Pois/Air  1%         N/A       78%         3
 Ozocubu's Armour         Ice            1%         N/A       78%         3
 Stone Arrow              Conj/Erth      2%         3d7       78%         3
 Vampiric Draining        Necr           1%         2d6       78%         3
 Irradiate                Conj/Tmut      6%         3d13      98%         5
 Yara's Violent Unravell  Hex/Tmut       6%         3d5       98%         5
 Dispel Undead            Necr           1%         3d6       99%         4
 Flame Wave               Conj/Fire      1%         2d4       99%         4
 Fulminant Prism          Conj/Hex       0%         3d5       99%         4
 Olgreb's Toxic Radiance  Pois           1%         N/A       99%         4
 Sticky Flame             Conj/Fire      1%         2d3       99%         4
 Agony                    Necr           1%         N/A       100%        5
 Fireball                 Conj/Fire      0%         3d3       100%        5
 Iskenderun's Battlesphe  Conj           1%         2d6       100%        5
 Lee's Rapid Deconstruct  Erth           0%         3d4*      100%        5
 Metabolic Englaciation   Hex/Ice        0%         N/A       100%        5
 Silence                  Hex/Air        0%         N/A       100%        5
 Conjure Ball Lightning   Conj/Air       0%         3x3d6     100%        6
 Iron Shot                Conj/Erth      0%         9d1       100%        6
 Statue Form              Tmut/Erth      8%         N/A       100%        6
 Orb of Destruction       Conj           0%         9d5       100%        7
 Storm Form               Tmut/Air       6%         N/A       100%        7
 Borgnjor's Revivificati  Necr           0%         N/A       100%        8
 Discord                  Hex            0%         N/A       100%        8
 Disjunction              Tloc           13%        N/A       100%        8
 Lehudib's Crystal Spear  Conj/Erth      0%         10d2      100%        8
 Maxwell's Capacitive Co  Air            0%         ∞         100%        8
 Call Imp                 Summ           Unusable   N/A       N/A         2
 Summon Guardian Golem    Hex/Summ       Unusable   N/A       N/A         3
 Tukima's Dance           Hex            Unusable   N/A       N/A         3
 Animate Armour           Summ/Erth      Unusable   N/A       N/A         4
 Summon Ice Beast         Ice/Summ       Unusable   N/A       N/A         4
 Summon Lightning Spire   Summ/Air       Unusable   N/A       N/A         4
 Death Channel            Necr           Unusable   N/A       N/A         6
 Simulacrum               Ice/Necr       Unusable   N/A       N/A         6
 Spellforged Servitor     Conj/Summ      Unusable   N/A       N/A         7
 Summon Hydra             Summ           Unusable   N/A       N/A         7

Dungeon Overview and Level Annotations

Branches:
Dungeon (15/15) Zot: 24867  Temple (1/1) D:6 Zot: 5918    Lair (5/5) D:10 Zot: 23661
 Shoals (4/4) Lair:3 Zot: 20418   Snake (4/4) Lair:3 Zot: 19970   Slime (0/5) Lair:5
    Orc (2/2) D:12 Zot: 10402     Elf (3/3) Orc:2 Zot: 13938  Vaults (2/5) D:13 Zot: 9557
  Crypt (0/3) Vaults:2     Depths (0/4) D:15          Sewer (visited)
  IceCv (visited)

Altars:
Ashenzari
Cheibriados
Dithmenos
Elyvilon
Fedhas
Gozag
Hepliaklqana
Kikubaaqudgha
Makhleb
Nemelex Xobeh
Okawaru
Qazlal
Ru
Sif Muna
Trog
Uskayaw
Vehumet
Wu Jian
Xom
Yredelemnul
Zin
The Shining One
Jiyva

Shops:
D:2 [   D:3 (   D:7 *   Orc:2 **[:[   Elf:2 ?   Shoals:1 (   Snake:3 ?[
Snake:4 ?:   Vaults:2 *

Annotations:
D:4 2 runed translucent doors, Crazy Yiuf; Lobster4's ghost, weakling HuDe
D:7 exclusion: 2 doors
D:11 exclusion: oklob plant
Lair:3 2 transporters, pigah's ghost, journeyman OpWn
Lair:5 exclusion: oklob plant
Snake:3 Vashnia


Innate Abilities, Weirdness & Mutations

You have a beak for a mouth.
You have claws for feet.
Your magical nature lets you fly swiftly and evasively.


Message History

You hit the vault warden. You burn the vault warden.
Your kick misses the vault warden.
You peck the vault warden, but do no damage.
The vault warden is heavily wounded.
You block the vault warden's attack.
You barely miss the vault warden. You claw the vault warden.
You peck the vault warden.
The vault warden is heavily wounded.
The boggart mumbles some strange words.
The boggart flickers and vanishes!
The vault warden hits you with a +0 battleaxe!
You hit the vault warden but do no damage.
You claw the vault warden, but do no damage.
Your peck misses the vault warden.
The vault warden is heavily wounded.
The vault warden hits you with a +0 battleaxe!
You closely miss the vault warden. You claw the vault warden.
The vault warden is heavily wounded.
You barely miss the vault warden. You claw the vault warden.
The vault warden is heavily wounded.
The boggart casts a spell.
The vault warden hits you with a +0 battleaxe.
You slash the vault warden! You burn the vault warden.
You claw the vault warden, but do no damage.
The vault warden is severely wounded.
The vault warden misses you.
You completely miss the vault warden. You peck the vault warden.
The vault warden is severely wounded.
The ironbound frostheart calls freezing cold from the walls.
The frost grips you. You resist.
You are encased in ice.
You closely miss the vault warden. Your kick misses the vault warden.
You peck the vault warden, but do no damage.
The vault warden is severely wounded.
The vault warden hits you with a +0 battleaxe!!
* * * LOW HITPOINT WARNING * * *
You hear some strange, mumbled words.
You feel protected.
The vault warden hits you with a +0 battleaxe!!
You die...

*################
*.........Y.#...#
*......pc.g.#...#
*,.#+#+#p#g.#...#
*********,,*,*,#@#..#...#
,,,,,,,,*,,****###..#...#
,,,,,,,,*,,+,* *,+..#...#########
#,,,,,,,#,,#######p.#...#.......#
##,,,,,,#.,#.#)#.#c)#...'.......#
.##,,,,*#..#+#+#+#g.+...#...∩...#
..#*,,**#..gcp).....#...#.......#
#,,,,**,#.g.c.......#...#.......#
#,,,**,,#############...#.......#


You could see a dire elephant (summoned), a vault warden (summoned), an
ironbound frostheart (summoned) and a yaktaur (summoned).

Vanquished Creatures
  Mara (Snake:3)
  Sojobo (Vaults:2)
  A golden dragon (IceCv)
  Nikola (Vaults:1)
  Jorgrun (Elf:1)
  Rupert (D:14)
  3 deep elf blademasters
  A deep elf master archer (Elf:3)
  A titan (Shoals:4)
  A sphinx (Vaults:1)
  2 quicksilver dragons (Snake:4)
  Agnes (Lair:3)
  2 tengu reavers (Vaults:2)
  Roxanne (Elf:1)
  4 nagarajas
  11 deep elf sorcerers
  5 vault wardens
  An orc warlord (Vaults:1)
  3 deep elf elementalists
  4 very ugly things
  4 ironbound preservers (Vaults:1)
  3 war gargoyles (Vaults:1)
  5 deep elf demonologists
  3 ironbound thunderhulks
  Nessos (D:13)
  7 deep elf annihilators
  8 dire elephants
  4 deep elf death magi
  2 deep elf high priests (Elf:3)
  6 merfolk javelineers
  7 merfolk impalers
  4 rakshasas
  6 hydras
  5 yaktaur captains
  3 great orbs of eyes
  A vault guard (Vaults:1)
  4 salamander tyrants (Snake:4)
  5 ice dragons (IceCv)
  A peacekeeper (Vaults:1)
  Erolcha (Orc:1)
  6 boulder beetles
  5 merfolk avatars
  12 centaur warriors
  4 ironbound frosthearts
  7 anacondas
  2 merfolk aquamancers
  A catoblepas (Lair:4)
  16 dancing weapons
  A radroach (shapeshifter) (Elf:3)
  4 two-headed ogres
  An alligator snapping turtle (Shoals:2)
  4 orc high priests (Orc:2)
  8 death yaks
  13 naga warriors
  A tengu warrior (D:11)
  10 naga sharpshooters
  Urug (Lair:5)
  Sonja (D:11)
  5 shock serpents
  15 deep elf knights
  5 skysharks
  4 salamander mystics
  9 sea snakes
  A spriggan druid (Elf:2)
  An orange crystal statue (IceCv)
  14 deep trolls (Vaults:1)
  6 lindwurms
  3 naga ritualists
  3 wizards
  4 ironbound convokers
  A lindwurm (shapeshifter) (Elf:2)
  3 orc knights
  5 harpies (Vaults:1)
  18 deep elf zephyrmancers
  3 necromancers
  19 ugly things
  5 mana vipers
  18 manticores
  28 deep elf pyromancers
  13 deep elf archers
  4 fauns (Shoals:1)
  10 salamanders
  4 orc sorcerers
  3 elephants (Lair:5)
  5 vault sentinels
  An eye of devastation (shapeshifter) (Elf:2)
  8 cyclopes
  22 black mambas
  2 ice statues (D:15)
  11 naga magi
  A merfolk siren (Shoals:1)
  5 guardian serpents
  11 water nymphs
  5 storm dragon simulacra (IceCv)
  18 cane toads
  9 komodo dragons
  An efreet (D:15)
  A rime drake (Lair:5)
  5 unseen horrors
  A komodo dragon (shapeshifter) (D:13)
  7 yaktaurs
  4 golden dragon simulacra (IceCv)
  17 merfolk
  4 polar bears
  7 trolls
  3 wind drakes
  A tarantella (shapeshifter) (D:11)
  A hornet (D:8)
  Prince Ribbit (D:8)
  17 dream sheep
  7 blink frogs (Lair:5)
  3 large abominations
  9 snapping turtles
  22 slime creatures
  4 wraiths
  11 air elementals
  5 wyverns
  25 yaks
  15 water elementals
  A yak (shapeshifter) (D:15)
  4 basilisks
  8 vampire mosquitoes (D:12)
  4 fire elementals
  Grum (D:11)
  5 hogs (Shoals:2)
  56 nagas
  6 wargs
  2 acid dragons
  12 water moccasins
  A swamp drake (D:12)
  A sky beast (D:7)
  6 black bears
  4 ice dragon simulacra (IceCv)
  19 orc warriors
  6 ogres
  A centaur (D:8)
  12 wolves
  A phantom (D:4)
  6 elf zombies (Elf:1)
  6 kobold brigands
  14 bullfrogs
  A gnoll sergeant (D:10)
  3 scorpions
  A small abomination (Lair:5)
  An earth elemental (Elf:3)
  4 wights (D:7)
  7 lindwurm simulacra (IceCv)
  4 electric eels
  A howler monkey (D:5)
  5 hounds
  27 orc priests
  4 gnoll boudas
  2 sleepcaps
  Terence (D:2)
  5 iguanas
  23 orc wizards
  6 hell rats (Lair:4)
  10 adders
  16 gnolls
  A shadow imp (D:6)
  3 white imps
  3 ufetubi
  2 worms
  3 dart slugs
  43 orcs
  17 ball pythons
  5 bats
  9 endoplasms
  22 giant cockroaches
  7 goblins
  8 hobgoblins
  4 jackals
  7 quokkas
  12 frilled lizards
  29 kobolds
  3 rats
1171 creatures vanquished.

Vanquished Creatures (others)
  Kirke (Shoals:2)
  A dire elephant (Vaults:1)
  A deep elf death mage (Elf:2)
  2 deep elf archers
  A wizard (Vaults:1)
  3 deep elf pyromancers
  A deep elf zephyrmancer (Elf:2)
  A boggart (Vaults:2)
  An orc priest (Orc:2)
  20 fungi
  95 plants
  14 toadstools (D:11)
141 creatures vanquished.

Grand Total: 1312 creatures vanquished

Notes
Turn   | Place    | Note
-------+----------+-------------------------------------------
     0 | D:1      | Zeldest the Tengu Warper began the quest for the Orb.
     0 | D:1      | Reached XP level 1. HP: 12/12 MP: 4/4
    87 | D:1      | Reached XP level 2. HP: 17/17 MP: 6/6
   304 | D:1      | Reached skill level 3 in Long Blades
   350 | D:1      | Reached XP level 3. HP: 19/22 MP: 7/7
   673 | D:2      | Noticed Terence
   705 | D:2      | Killed Terence
   808 | D:2      | Found a faded altar of an unknown god.
   816 | D:2      | Reached XP level 4. HP: 26/27 MP: 8/8
   892 | D:2      | Found Rur Teg's Armour Shop.
  1742 | D:3      | Reached skill level 4 in Long Blades
  1750 | D:3      | You fall into a shaft and drop 1 floor!
  1835 | D:3      | Found Loept's Antique Weapon Boutique.
  1984 | D:3      | Gained mutation: Your magical nature lets you fly swiftly
                  | and evasively. [Tengu growth]
  1984 | D:3      | Reached XP level 5. HP: 24/32 MP: 9/9
  2615 | D:4      | Found a runed translucent door.
  2616 | D:4      | Noticed Crazy Yiuf
  2670 | D:4      | Found a sacrificial altar of Ru.
  2680 | D:4      | Found a shimmering altar of Xom.
  2699 | D:4      | Noticed a phantom
  2708 | D:4      | Killed a phantom
  2709 | D:4      | Reached skill level 5 in Long Blades
  2709 | D:4      | Reached XP level 6. HP: 33/37 MP: 10/10
  2811 | D:5      | Entered Level 5 of the Dungeon
  3191 | D:5      | Reached XP level 7. HP: 34/43 MP: 11/11
  3258 | D:5      | Found a shimmering blue altar of Sif Muna.
  3345 | D:5      | Reached skill level 6 in Long Blades
  4164 | D:4      | Found a runed translucent door.
  4171 | D:4      | Noticed Lobster4's ghost (weakling HuDe)
  4486 | D:5      | Reached skill level 5 in Dodging
  4630 | D:6      | Identified the +0 leather armour "Boujaot" {Rampage Int-4
                  | Stlth+}
  4643 | D:6      | Reached skill level 7 in Long Blades
  4643 | D:6      | Reached XP level 8. HP: 45/48 MP: 12/12
  4826 | D:6      | Found a glowing drain.
  4830 | Sewer    | Entered a sewer
  4880 | Sewer    | Reached skill level 5 in Fighting
  5182 | D:6      | Reached skill level 8 in Long Blades
  5540 | D:6      | Found a staircase to the Ecumenical Temple.
  5547 | Temple   | Entered the Ecumenical Temple
  5608 | Temple   | Became a worshipper of Warmaster Okawaru
  5858 | D:7      | Noticed a wyvern
  6495 | D:7      | Reached XP level 9. HP: 51/53 MP: 13/13
  6499 | D:7      | Reached skill level 9 in Long Blades
  6712 | D:7      | Found Zaraludgh's Serpentskin Sales.
  6717 | D:7      | Reached * piety under Okawaru
  6935 | D:7      | Reached skill level 10 in Long Blades
  7256 | D:8      | Found a sparkling altar of Nemelex Xobeh.
  7417 | D:7      | Reached ** piety under Okawaru
  7489 | D:8      | Noticed a hornet
  7558 | D:8      | Noticed Prince Ribbit
  7574 | D:8      | Killed Prince Ribbit
  7575 | D:8      | Reached XP level 10. HP: 39/63 MP: 14/14
  7692 | D:8      | Killed an unseen horror
  7693 | D:8      | Reached skill level 11 in Long Blades
  7693 | D:8      | Reached skill level 1 in Invocations
  8326 | D:8      | Reached *** piety under Okawaru
  8674 | D:9      | Received a gift from Okawaru
  8817 | D:9      | Reached skill level 12 in Long Blades
  9428 | D:10     | Entered Level 10 of the Dungeon
  9482 | D:10     | Found a snail-covered altar of Cheibriados.
  9657 | D:10     | Found a hide-covered altar of Uskayaw.
  9682 | D:10     | Found a basalt altar of Yredelemnul.
  9682 | D:10     | Found a bloodstained altar of Trog.
  9682 | D:10     | Found a radiant altar of Vehumet.
  9682 | D:10     | Found a broken altar of Ashenzari.
  9955 | D:10     | Reached **** piety under Okawaru
  9976 | D:10     | Killed an unseen horror
  9977 | D:10     | Reached XP level 11. HP: 13/69 MP: 12/15
 10197 | D:10     | Found a staircase to the Lair.
 10505 | D:10     | Received a gift from Okawaru
 10739 | D:11     | Noticed Sonja
 10871 | D:11     | HP: 1/69 [Sonja/+0 dagger of distortion (4)]
 11081 | D:11     | Killed Sonja
 11082 | D:11     | Reached skill level 13 in Long Blades
 11242 | Lair:1   | Entered Level 1 of the Lair of Beasts
 11554 | Lair:1   | Reached skill level 5 in Invocations
 11592 | Lair:1   | Reached ***** piety under Okawaru
 11690 | Lair:1   | Reached skill level 14 in Long Blades
 11963 | Lair:1   | Received a gift from Okawaru
 12488 | Lair:2   | Reached XP level 12. HP: 67/77 MP: 13/17
 12693 | Lair:2   | Received a gift from Okawaru
 12698 | Lair:2   | Reached skill level 10 in Fighting
 12705 | Lair:2   | Reached skill level 15 in Long Blades
 13680 | Lair:3   | Found a staircase to the Snake Pit.
 13785 | Lair:3   | Found a staircase to the Shoals.
 13785 | Lair:3   | You are sucked into a shaft and drop 2 floors!
 13785 | Lair:5   | Entered Level 5 of the Lair of Beasts
 13828 | Lair:4   | Identified a scroll of acquirement
 13828 | Lair:4   | Acquired 748 gold pieces
 13898 | Lair:3   | Noticed a spriggan berserker
 13923 | Lair:3   | Found a transporter.
 13928 | Lair:3   | Found a bloodstained altar of Trog.
 13941 | Lair:3   | Found a transporter.
 14272 | Lair:3   | Noticed pigah's ghost (journeyman OpWn)
 14479 | Lair:4   | Noticed a six-headed hydra
 14603 | Lair:4   | Reached ****** piety under Okawaru
 14733 | Lair:4   | Reached skill level 16 in Long Blades
 14733 | Lair:4   | Noticed Snorg
 14858 | Lair:4   | Noticed a death yak
 14881 | Lair:4   | Noticed a death yak
 14940 | Lair:4   | Killed a death yak
 14940 | Lair:4   | Received a gift from Okawaru
 14969 | Lair:4   | Noticed a catoblepas
 14979 | Lair:4   | Killed a catoblepas
 14988 | Lair:4   | Noticed a death yak
 14994 | Lair:4   | Killed a death yak
 14995 | Lair:4   | Reached XP level 13. HP: 67/84 MP: 19/19
 15467 | Lair:5   | Identified the +4 ring mail of Shadows and Fog {rC+ Int-3
                  | Slay+2} (Okawaru gifted it to you on level 5 of the Lair of
                  | Beasts)
 15467 | Lair:5   | Received a gift from Okawaru
 15529 | Lair:4   | Reached skill level 17 in Long Blades
 15787 | Lair:5   | Found a viscous altar of Jiyva.
 15788 | Lair:5   | Found a staircase to the Slime Pits.
 16088 | Lair:5   | Noticed Urug
 16452 | Lair:5   | Killed Urug
 17224 | D:11     | Received a gift from Okawaru
 17364 | D:11     | Noticed Grum
 17372 | D:11     | Reached skill level 18 in Long Blades
 17374 | D:11     | Killed Grum
 17470 | D:11     | Found a blossoming altar of Fedhas.
 17527 | D:11     | Noticed a rakshasa
 17823 | D:11     | Identified the staff of cold "Lukk" {rC+ Str+3}
 17852 | D:11     | Reached XP level 14. HP: 72/92 MP: 21/21
 18157 | D:11     | Found a shadowy altar of Dithmenos.
 18158 | D:11     | Found a blossoming altar of Fedhas.
 18159 | D:11     | Found an ornate altar of the Wu Jian Council.
 18159 | D:11     | Found a shimmering blue altar of Sif Muna.
 18605 | D:11     | Reached skill level 1 in Shields
 18866 | D:12     | Identified the +0 pair of gloves "Xucutih" {+Blink Will-
                  | Str+3 Dex-5} (Okawaru gifted it to you on level 12 of the
                  | Dungeon)
 18866 | D:12     | Received a gift from Okawaru
 19371 | D:12     | Found a staircase to the Orcish Mines.
 20259 | D:13     | Found a gate to the Vaults.
 20289 | D:13     | Noticed Nessos
 20481 | D:13     | Killed Nessos
 20614 | D:13     | Found a shimmering blue altar of Sif Muna.
 21245 | D:13     | Identified the +1 robe of Sikhlo {rF+}
 21561 | D:14     | Found a shadowy altar of Dithmenos.
 22096 | D:14     | Noticed Rupert
 22119 | D:14     | Killed Rupert
 22119 | D:14     | Received a gift from Okawaru
 22221 | D:15     | Entered Level 15 of the Dungeon
 22242 | D:14     | Reached skill level 19 in Long Blades
 22485 | D:15     | Found a frozen archway.
 22506 | IceCv    | Entered an ice cave
 22801 | IceCv    | Reached skill level 10 in Invocations
 22832 | IceCv    | Identified the +7 falchion of Floods {freeze, rN+ Dex+4}
 22947 | IceCv    | Noticed a white draconian
 23113 | IceCv    | Reached XP level 15. HP: 80/97 MP: 23/23
 23375 | IceCv    | Noticed a golden dragon
 23393 | IceCv    | Killed a golden dragon
 23429 | IceCv    | Identified the ring "Avob" {Fly rN+}
 23431 | IceCv    | Identified the ring of the Vendetta {rCorr Str-5 Int+5}
 24446 | D:15     | Received a gift from Okawaru
 24472 | D:15     | Reached skill level 10 in Dodging
 24540 | D:15     | Reached skill level 5 in Shields
 24736 | D:15     | Found a staircase to the Depths.
 24774 | D:15     | Found an opulent altar of Gozag.
 25221 | Orc:1    | Entered Level 1 of the Orcish Mines
 25502 | Orc:1    | Noticed Erolcha
 25521 | Orc:1    | Killed Erolcha
 25640 | Orc:2    | Entered Level 2 of the Orcish Mines
 25738 | Orc:2    | Found a staircase to the Elven Halls.
 26363 | Orc:2    | Reached skill level 20 in Long Blades
 26376 | Orc:2    | Found Acuroserho's Armour Boutique.
 26652 | Orc:2    | Found Mafucvit's Book Shop.
 26652 | Orc:2    | Found Plog's Antique Armour Shop.
 26653 | Orc:2    | Found Ashruth's General Store.
 26657 | Orc:2    | Found Emuzusep's Assorted Antiques.
 26662 | Orc:2    | Bought a potion of haste for 150 gold pieces
 26875 | Orc:2    | Bought a fine ring mail for 252 gold pieces
 26875 | Orc:2    | Identified the +5 ring mail "Jisepr Yjes" {rPois rC+
                  | Regen+} (You bought it in a shop on level 2 of the Orcish
                  | Mines)
 27110 | Snake:1  | Entered Level 1 of the Snake Pit
 27110 | Snake:1  | Noticed Agnes
 27122 | Lair:3   | Killed Agnes
 27404 | Snake:1  | Reached XP level 16. HP: 105/105 MP: 25/25
 27851 | Snake:1  | Received a gift from Okawaru
 28219 | Snake:2  | Noticed a nagaraja
 28233 | Snake:2  | Killed a nagaraja
 28498 | Snake:3  | Noticed Mara
 28498 | Snake:3  | Found Tisugg's Antique Armour Shoppe.
 28502 | Snake:3  | Noticed Zeldest's illusion
 28557 | Snake:3  | Noticed Zeldest's illusion
 28561 | Snake:3  | Killed Mara
 28601 | Snake:3  | Bought a shiny kite shield for 270 gold pieces
 29235 | Snake:3  | Received a gift from Okawaru
 29527 | Snake:3  | Noticed Vashnia
 29528 | Snake:3  | Noticed a nagaraja
 29605 | Snake:3  | Reached skill level 21 in Long Blades
 29922 | Snake:3  | Killed a nagaraja
 29996 | Snake:3  | Found Bekhuj's Magic Scroll Shop.
 29999 | Snake:3  | Bought a scroll of enchant weapon for 112 gold pieces
 29999 | Snake:3  | Bought a scroll of teleportation for 45 gold pieces
 29999 | Snake:3  | Bought a scroll of enchant armour for 112 gold pieces
 29999 | Snake:3  | Bought a scroll of teleportation for 45 gold pieces
 29999 | Snake:3  | Bought a scroll of brand weapon for 142 gold pieces
 30087 | Snake:4  | Entered Level 4 of the Snake Pit
 30562 | Snake:4  | Found Toge's Book Shoppe.
 30566 | Snake:4  | Found Nuownur's Magic Scroll Shoppe.
 30574 | Snake:4  | Bought a scroll of blinking for 112 gold pieces
 30574 | Snake:4  | Bought a scroll of enchant weapon for 112 gold pieces
 30574 | Snake:4  | Bought a scroll of teleportation for 45 gold pieces
 30827 | Snake:4  | Noticed a nagaraja
 30839 | Snake:4  | Killed a nagaraja
 30885 | Snake:4  | Identified the +0 chain mail of Muttered Phrases {rElec rC-
                  | Dex+4} (Okawaru gifted it to you on level 4 of the Snake
                  | Pit)
 30885 | Snake:4  | Received a gift from Okawaru
 30886 | Snake:4  | Reached XP level 17. HP: 62/112 MP: 26/26
 31053 | Snake:4  | Noticed a quicksilver dragon
 31062 | Snake:4  | Killed a quicksilver dragon
 31135 | Snake:4  | Noticed a quicksilver dragon
 31151 | Snake:4  | Killed a quicksilver dragon
 31249 | Snake:4  | Found a blossoming altar of Fedhas.
 31483 | Snake:4  | Got a serpentine rune of Zot
 31712 | Shoals:1 | Entered Level 1 of the Shoals
 31762 | Shoals:1 | Identified the amulet of Propriety {RegenMP +Blink rPois
                  | Str-2 Slay+2}
 31844 | Shoals:1 | Identified the +0 plate armour "Pegyrr" {rC+ Dex+2}
                  | (Okawaru gifted it to you on level 1 of the Shoals)
 31844 | Shoals:1 | Received a gift from Okawaru
 32132 | Shoals:1 | Identified the +7 mace "Concordance" {protect, rElec rF+
                  | Stlth+}
 32313 | Shoals:1 | Found Sowynk's Weapon Emporium.
 32326 | Shoals:1 | Bought the +6 double sword of Sykkut {flame, Str+2 Int+3}
                  | for 1341 gold pieces
 32749 | Shoals:2 | Noticed Kirke
 32770 | Shoals:2 | Killed Kirke
 32771 | Shoals:2 | Reached skill level 22 in Long Blades
 33303 | Shoals:2 | Reached skill level 15 in Fighting
 33351 | Arena    | Entered the Arena
 34507 | Shoals:3 | Reached XP level 18. HP: 108/119 MP: 28/28
 34712 | Shoals:3 | Received a gift from Okawaru
 34712 | Shoals:3 | Found the +3 warlock's mirror {omnireflect}
 34883 | Shoals:4 | Entered Level 4 of the Shoals
 34941 | Shoals:4 | Identified the +0 leather armour of the Sun {Will+ Str-3
                  | Slay+4}
 34964 | Shoals:4 | Paralysed by an air elemental for 1 turns
 35021 | Shoals:4 | Paralysed by an air elemental for 1 turns
 35093 | Shoals:4 | Paralysed by an air elemental for 1 turns
 35306 | Shoals:4 | Paralysed by an air elemental for 1 turns
 35494 | Shoals:4 | Paralysed by an air elemental for 1 turns
 35565 | Shoals:4 | Noticed a titan
 35575 | Shoals:4 | Killed a titan
 35599 | Shoals:4 | Got a barnacled rune of Zot
 35600 | Shoals:4 | Identified the ring "Rywaun" {Fly Will+}
 35603 | Shoals:4 | Got the Compendium of Shivering Execration
 35936 | Elf:1    | Entered Level 1 of the Elven Halls
 35987 | Elf:1    | Reached skill level 10 in Shields
 36267 | Elf:1    | Noticed Jorgrun
 36285 | Elf:1    | Killed Jorgrun
 36292 | Elf:1    | Identified the scarf of the Mouths {+Inv, *Slow Will+
                  | Str+2} (Okawaru gifted it to you on level 1 of the Elven
                  | Halls)
 36292 | Elf:1    | Received a gift from Okawaru
 36400 | Elf:1    | Identified Roxanne's Enchiridion on Flesh
 36400 | Elf:1    | Noticed Roxanne
 36431 | Elf:1    | Killed Roxanne
 36493 | Elf:1    | Paralysed by an air elemental for 1 turns
 36720 | Elf:1    | Got the Secrets of Evil
 37389 | Elf:2    | Found a radiant altar of Vehumet.
 37440 | Elf:2    | Identified the +2 shortbow "Vaimimish" {heavy, Fragile
                  | rPois Will+ Dex+3}
 37544 | Elf:2    | Paralysed by an air elemental for 1 turns
 37553 | Arena    | Entered the Arena
 37580 | Elf:2    | Received a gift from Okawaru
 37581 | Elf:2    | Reached XP level 19. HP: 124/125 MP: 30/30
 37606 | Elf:3    | Entered Level 3 of the Elven Halls
 37793 | Elf:2    | Found a runed translucent gate.
 37793 | Elf:2    | Found a runed translucent gate.
 37793 | Elf:2    | Found a runed translucent gate.
 37868 | Elf:2    | Found Rusifepo's Magic Scroll Emporium.
 37876 | Elf:2    | Bought a scroll of enchant weapon for 127 gold pieces
 37876 | Elf:2    | Bought a scroll of enchant armour for 127 gold pieces
 37876 | Elf:2    | Bought a scroll of teleportation for 51 gold pieces
 37876 | Elf:2    | Bought a scroll of teleportation for 51 gold pieces
 37876 | Elf:2    | Bought a scroll of teleportation for 51 gold pieces
 39184 | Elf:3    | Identified the ring "Qot Ewol" {rCorr EV+5 Int-4 Stlth+}
 39320 | Elf:2    | Received a gift from Okawaru
 39478 | Elf:2    | Reached skill level 15 in Dodging
 39559 | Elf:3    | Identified the ring "Pamyv" {Will- rCorr AC+4 Stlth+}
 39866 | Elf:3    | Identified the +1 plate armour of Pirroje {Rampage Regen+}
 39917 | Elf:3    | Identified the +6 rapier "Sidyelet" {protect, rElec Str+3}
 39917 | Elf:3    | Identified the +2 leather armour of Gesywkes {rPois Int+4
                  | Slay+2}
 39977 | Elf:3    | Identified the +1 falchion "Myeleit" {flame, Will+ Str+2}
                  | (Okawaru gifted it to you on level 3 of the Elven Halls)
 39977 | Elf:3    | Received a gift from Okawaru
 40017 | Elf:3    | Identified the amulet of Vas Ukyng {RegenMP Int+2}
 40156 | Elf:3    | Got the Catalogue of Amorphous Fulmination
 40309 | Elf:3    | Identified the +1 leather armour "Isiapn" {Int+2 Dex+5}
 40500 | Vaults:1 | Entered Level 1 of the Vaults
 40503 | Vaults:1 | Noticed Nikola
 40726 | Vaults:1 | Killed Nikola
 40804 | Vaults:1 | Received a gift from Okawaru
 41103 | Vaults:1 | Reached XP level 20. HP: 64/134 MP: 31/31
 41179 | Vaults:1 | Learned a level 2 spell: Blink
 41182 | Vaults:1 | Learned a level 2 spell: Wereblood
 41234 | Vaults:1 | Reached skill level 1 in Transmutations
 41513 | Vaults:1 | Received a gift from Okawaru
 41975 | Vaults:1 | You are sucked into a shaft and drop 1 floor!
 42028 | Vaults:1 | Reached skill level 5 in Translocations
 42188 | Vaults:1 | Received a gift from Okawaru
 42640 | Vaults:2 | Reached skill level 5 in Transmutations
 42970 | Vaults:2 | Noticed Sojobo
 43000 | Vaults:2 | HP: 9/201 [Sojobo/+1 triple sword of electrocution (2)]
 43002 | Vaults:2 | Killed Sojobo
 43191 | Vaults:2 | Found Hyuhalegh's Assorted Antiques.
 43200 | Vaults:2 | Bought a scroll of teleportation for 114 gold pieces
 43200 | Vaults:2 | Bought a scroll of enchant armour for 285 gold pieces
 43271 | Vaults:2 | Identified the +4 scimitar "Saschen" {heavy, +Blink rPois
                  | Will-} (Okawaru gifted it to you on level 2 of the Vaults)
 43271 | Vaults:2 | Received a gift from Okawaru
 43317 | Vaults:2 | Slain by a vault warden

Illustrated notes

Levels and vault maps discovered:
D:1:      tekkud_arrival_beachfront_property, layout_basic
D:2:      layout_basic, hellmonk_ecumenical_altar_crossroads, serial_shops,
          shop, uniq_terence
D:3:      minmay_roachtagon, layout_loops_ring, serial_shops, shop_fountains
D:4:      layout_basic, mainiacjoe_overflow_large_starburst,
          ebering_ghost_reflecting_pool, uniq_crazy_yiuf_cottage
D:5:      layout_gridville, mainiacjoe_overflow_boulevard
D:6:      layout_basic, minmay_temple_entry_enclosed_plants,
          gup_sewer_entry_bowl
D:7:      layout_basic, kennysheep_diamond, hangedman_abyss_or_decor_passed,
          guppyfry_shop_venom
D:8:      layout_loops_ring, overflow_temple_1_default, uniq_prince_ribbit1
D:9:      layout_irregular_city, amcnicky_mini_corridor_feature,
          nicolae_figureground_pulse
D:10:     layout_basic, slow_altar_1, grunt_temple_overflow_open,
          david_lair_shrubbed
D:11:     minmay_the_grid_octo_2x2 [minmay_the_grid_octo_odd_swirl,
          minmay_the_grid_octo_shrine, minmay_the_grid_octo_tetromino_candy,
          minmay_the_grid_octo_prize_star], layout_irregular_city, tgw_fedhas,
          uniq_grum, uniq_sonja
D:12:     layout_basic, erik_orc_1
D:13:     layout_cave_pools, erik_vaults_1, nicolae_sif_muna_little_library,
          uniq_nessos
D:14:     layout_cross, chequers_serial_rivers_micro_a,
          grunt_dithmenos_smoke_and_mirrors, uniq_rupert
D:15:     gammafunk_enter_depths_forms, layout_basic,
          portal_ice_cave_entry_ice_statue_two, grunt_gozag_breadcrumbs
Temple:   nicolae_temple_godzebo
Lair:1:   layout_hall_layers
Lair:2:   layout_long_grid, beast_lair_carwin_4, serial_bayou_shore_a
Lair:3:   layout_chaotic_city, minmay_shoals_entry_hut,
          nicolae_snake_entry_squirm, gammafunk_ghost_wrathful_warriors,
          grunt_megastairs_5
Lair:4:   beast_lair_carwin_large_3, layout_concentric_octagons,
          grunt_megastairs_3, lemuel_fruit_fields, uniq_snorg
Lair:5:   hellmonk_lair_end_abyssal_woods, layout_gridlike,
          minmay_slime_entry_oklob_enclosed, uniq_urug
Shoals:1: layout_shoals, serial_shops, nicolae_square_shop
Shoals:2: cheibrodos_shoals_epimethial_gifts, layout_shoals, uniq_kirke
Shoals:3: layout_shoals
Shoals:4: shoals_end_hellmonk_storm_palace [storm_palace_center_circular,
          storm_palace_corner_grid, storm_palace_corner_pillars,
          storm_palace_corner_grid, storm_palace_corner_narrow]
Snake:1:  layout_misc_corridors, uniq_agnes
Snake:2:  layout_grid_shapes, grunt_megastairs_1
Snake:3:  layout_onion, serial_shops, nicolae_shop_behind_doors,
          nicolae_stop_n_shop_2, nicolae_triple_integral, uniq_vashnia,
          uniq_mara
Snake:4:  hellmonk_snake_rune_quicksilver_temple, layout_misc_corridors,
          basic_altar, drop_trap, minmay_shop_star
Orc:1:    layout_caves, uniq_erolcha
Orc:2:    st_orc_mages, layout_caves, serial_shops, nicolae_lakefront_shop
Elf:1:    kennysheep_blocky_room, layout_geoelf_grid, minmay_elf_necromancy,
          uniq_roxanne, uniq_jorgrun
Elf:2:    elven_hall_of_blades_hangedman_original [nicolae_blade_little_rooms],
          layout_rooms, serial_shops, shop, basic_altar,
          kilobyte_rumbling_trees, uniq_aizul
Elf:3:    minmay_elf_hall_furrowed, layout_geoelf_octagon,
          corexii_leaking_fountain
Vaults:1: vaults_room_hangedman_quadrants, nicolae_vaults_little_squares_5,
          hangedman_vaults_nails, vaults_dpeg_ring,
          nicolae_vaults_little_squares_4, hangedman_vaults_locks,
          vaults_mumra_hexcomb, vaults_mumra_hex, ontoclasm_vaults_ligature,
          nicolae_vaults_network_star, v_misc_19, vaults_dpeg_doors,
          nicolae_vaults_theta, v_misc_23, v_misc_16, v_misc_2, v_misc_25,
          layout_vaults_maze, uniq_nikola
Vaults:2: minmay_crypt_entry_simple_sparse, st_octagons_1,
          nicolae_vaults_triangles, hangedman_vaults_trim, v_misc_23,
          nicolae_vaults_asterisk, vaults_standard_mumra_lines, v_misc_31,
          nicolae_vaults_asterisk, grunt_vaults_swirl,
          nicolae_vaults_border_crossing, layout_vaults_big_cross, serial_shops,
          shop, uniq_saint_roka, uniq_margery, uniq_sojobo

Skill      XL: |  1  2  3  4  5  6  7  8  9 10 11 12 13 14 15 16 17 18 19 20 |
---------------+-------------------------------------------------------------+-----
Long Blades    | 3 4 5 7 8 10 12 14 16 18 19 20 21 22 | 22.0
Dodging        | 3 4 5 6 7 8 9 10 11 13 14 15 | 15.8
Fighting       | 3 4 5 7 8 9 11 12 13 14 15 16 17 | 17.2
Invocations    | 4 6 7 9 10 11 12 13 14 | 14.3
Shields        | 4 6 7 9 11 12 | 12.0
Armour         | 4 |  4.1
Transmutations | 6 |  6.2
Translocations | 6 |  6.8
Throwing       | |  1.0
Spellcasting   | |  2.0

Action                     |  1- 3 |  4- 6 |  7- 9 | 10-12 | 13-15 | 16-18 | 19-21 || total
---------------------------+-------+-------+-------+-------+-------+-------+-------++-------
  Melee: Falchion          |    59 |   184 |   239 |       |       |       |       ||   482
         Kick              |    10 |    51 |   106 |   280 |   453 |   545 |   381 ||  1826
         Peck              |     6 |    26 |    72 |   171 |   323 |   378 |   252 ||  1228
         Punch             |     1 |     3 |     6 |    10 |     5 |       |       ||    25
         Great sword       |       |       |    11 |       |       |       |       ||    11
         Long sword        |       |       |    88 |   700 |    73 |       |       ||   861
         Dagger            |       |       |       |     2 |    30 |       |       ||    32
         Triple sword      |       |       |       |    11 |    29 |   326 |       ||   366
         Double sword      |       |       |       |       |    91 |   691 |   767 ||  1549
         Scimitar          |       |       |       |       |   911 |   321 |       ||  1232
         Rapier            |       |       |       |       |       |       |    17 ||    17
  Throw: Boomerang         |     7 |       |       |     7 |       |       |       ||    14
         Throwing net      |       |       |       |     2 |     6 |       |       ||     8
         Dart              |       |       |       |     2 |     9 |       |       ||    11
   Cast: Blink             |       |       |       |       |       |       |     1 ||     1
 Invoke: Heroism           |       |       |       |     7 |    19 |    19 |    13 ||    58
         Finesse           |       |       |       |       |     3 |     2 |     1 ||     6
         Duel              |       |       |       |       |       |     2 |       ||     2
  Evoke: Wand              |       |       |     1 |     5 |     9 |       |     1 ||    16
         Condenser vane    |       |       |       |     1 |     1 |       |       ||     2
         Phial of floods   |       |       |       |       |     1 |       |     1 ||     2
    Use: Scroll            |       |     6 |     4 |    23 |    10 |     9 |     7 ||    59
         Potion            |       |       |     2 |     6 |     7 |    10 |     9 ||    34
   Stab: Held in net/web   |       |       |       |     2 |     3 |       |       ||     5
         Invisible         |       |       |       |       |     6 |    10 |     1 ||    17
         Sleeping          |       |       |       |       |     2 |       |     1 ||     3
         Distracted        |       |       |       |       |       |     1 |       ||     1
 Armour: Leather armour    |     7 |       |       |       |       |       |       ||     7
         Scale mail        |     3 |    93 |   102 |    55 |       |       |       ||   253
         Troll leather arm |       |       |       |    62 |    11 |       |       ||    73
         Ring mail         |       |       |       |       |   312 |   240 |   164 ||   716
  Dodge: Dodged            |    44 |   125 |   265 |   578 |   765 |  1059 |   509 ||  3345
  Block: Buckler           |       |       |       |       |   258 |   227 |   317 ||   802
         Kite shield       |       |       |       |       |       |   282 |       ||   282
         Reflection        |       |       |       |       |       |    53 |    53 ||   106

Table legend: (Time is in decaauts)
 A = Elapsed time spent in this place.
 B = Non-inter-level travel time spent in this place.
 C = Inter-level travel time spent in this place.
 D = Time resting spent in this place.
 E = Time spent auto-exploring this place.
 F = Levels seen in this place.
 G = Mean time per level.
                   A        B        C        D        E       F      G
               +--------+--------+--------+--------+--------+-----+--------+
         Total |  40007 |  37486 |   2521 |  11593 |  15135 |  40 | 1000.2 |
       Dungeon |  17293 |  16068 |   1225 |   5740 |   6967 |  15 | 1152.9 |
        Temple |     81 |     55 |     26 |      0 |     21 |   1 |   81.0 |
          Lair |   5633 |   5067 |    566 |   1408 |   2212 |   5 | 1126.6 |
        Shoals |   3581 |   3402 |    179 |    777 |   1546 |   4 |  895.2 |
     Snake Pit |   4029 |   3862 |    167 |    793 |   1552 |   4 | 1007.2 |
  Orcish Mines |   1597 |   1456 |    141 |    328 |    693 |   2 |  798.5 |
   Elven Halls |   4062 |   3903 |    159 |   1166 |   1247 |   3 | 1354.0 |
        Vaults |   2441 |   2385 |     56 |    793 |    779 |   2 | 1220.5 |
         Sewer |    275 |    275 |      0 |     70 |     63 |   1 |  275.0 |
      Ice Cave |    965 |    965 |      0 |    491 |     52 |   1 |  965.0 |
         Arena |     45 |     45 |      0 |     24 |      0 |   2 |   22.5 |
               +--------+--------+--------+--------+--------+-----+--------+

Top non-repeatable levels by time:
    D:12: 1852 daAuts
    D:10: 1850 daAuts
Vaults:1: 1770 daAuts
    D:11: 1537 daAuts
   Elf:3: 1522 daAuts
     D:7: 1449 daAuts
    D:13: 1433 daAuts
 Snake:3: 1366 daAuts
  Lair:5: 1310 daAuts
   Elf:2: 1309 daAuts
    D:15: 1286 daAuts
     D:2: 1255 daAuts
     D:8: 1234 daAuts
   Elf:1: 1230 daAuts
   Orc:2: 1194 daAuts
